[Event "BLR-chW U20 2019"]
[Site "Kobryn"]
[Date "2019.05.17"]
[Round "7.1"]
[White "Shaban, Aliaksandra"]
[Black "Mitskevich, Yauheniya"]
[Result "1/2-1/2"]
[ECO "E73"]
[WhiteElo "1652"]
[BlackElo "1985"]
[Annotator "NA RC"]
[PlyCount "64"]
[EventDate "2019.05.11"]
[EventType "tourn"]
[EventCountry "BLR"]
[SourceTitle "playchess.com"]
[Source "ChessBase"]
[SourceQuality "1"]
[TimeControl "40/5400+30:1800+30"]

1. d4 Nf6 2. c4 g6 3. Nc3 d6 4. e4 Bg7 5. Be2 O-O 6. Bg5 h6 7. Bf4 Nfd7 8. Qd2 Kh7 9. d5 Nc5 10. h4 e5 11. Be3 f5 12. f3 f4 13. Bf2 a5 14. b3 Nba6 15. g4 Bd7 16. Qb2 Qe7 17. Kd2 b6 18. Bf1 Rfb8 19. Nge2 b5 20. cxb5 Bxb5 21. Nxb5 Rxb5 22. Nd4 Rb6 23. Nc6 Qf7 24. Nxa5 Nb4 25. Nc4 Rbb8 26. Bxc5 dxc5 27. Ke2 Nxd5 28. Rc1 Nb4 29. a3 Nc6 30. Kf2 Nd4 31. Rc3 Nb5 32. Rd3 Nd4 1/2-1/2

[Event "BLR-chW U20 2019"]
[Site "Kobryn"]
[Date "2019.05.17"]
[Round "7.2"]
[White "Poliakova, Varvara"]
[Black "Zeliantsova, Kseniya"]
[Result "1-0"]
[ECO "B41"]
[WhiteElo "1900"]
[BlackElo "2017"]
[Annotator "NA RC"]
[PlyCount "71"]
[EventDate "2019.05.11"]
[EventType "tourn"]
[EventCountry "BLR"]
[SourceTitle "playchess.com"]
[Source "ChessBase"]
[SourceQuality "1"]
[TimeControl "40/5400+30:1800+30"]

1. e4 c5 2. Nf3 e6 3. d4 cxd4 4. Nxd4 a6 5. c4 Nf6 6. Nc3 Bb4 7. Qd3 Qc7 8. a3 Be7 9. Be2 Nc6 10. Nxc6 dxc6 11. Qg3 Qxg3 12. hxg3 e5 13. Be3 b5 14. f3 Be6 15. Kf2 O-O 16. Rac1 Rfd8 17. Rhd1 Nd7 18. f4 g6 19. cxb5 axb5 20. Nb1 Bb3 21. Rd3 Bc4 22. Rd2 Bxe2 23. Kxe2 Rac8 24. Kf3 f6 25. Rdc2 c5 26. Nc3 Rb8 27. Nd5 Bd6 28. Rd2 Kf7 29. Rcd1 Ke6 30. Nc3 Nb6 31. Bxc5 Nc4 32. Rd5 Bc7 33. b3 Na5 34. b4 Nc6 35. Rxd8 Bxd8 36. Rd6+ 1-0

[Event "BLR-chW U20 2019"]
[Site "Kobryn"]
[Date "2019.05.17"]
[Round "7.3"]
[White "Staravoitava, Hanna"]
[Black "Kuzich, Aryna"]
[Result "1-0"]
[ECO "A03"]
[WhiteElo "1733"]
[BlackElo "1800"]
[Annotator "NA RC"]
[PlyCount "53"]
[EventDate "2019.05.11"]
[EventType "tourn"]
[EventCountry "BLR"]
[SourceTitle "playchess.com"]
[Source "ChessBase"]
[SourceQuality "1"]
[TimeControl "40/5400+30:1800+30"]

1. f4 d5 2. Nf3 c5 3. e3 Nf6 4. d3 b6 5. Be2 e6 6. Nbd2 Bb7 7. Ne5 Bd6 8. Ndf3 O-O 9. O-O Qc7 10. Bd2 Nbd7 11. Qe1 Nxe5 12. fxe5 Bxe5 13. Nxe5 Qxe5 14. Rf3 Qd6 15. Qh4 e5 16. Raf1 Nd7 17. Rh3 h6 18. Bg4 Nf6 19. Bf5 Nh7 20. e4 dxe4 21. Bxh6 gxh6 22. Bxh7+ Kg7 23. Rg3+ Kxh7 24. Rf6 Qxf6 25. Qxf6 Rg8 26. Qxf7+ Kh8 27. Rh3 1-0

[Event "BLR-chW U20 2019"]
[Site "Kobryn"]
[Date "2019.05.17"]
[Round "7.5"]
[White "Tarasenka, Aliaksandra"]
[Black "Stashis, Anna"]
[Result "1/2-1/2"]
[ECO "B01"]
[WhiteElo "1875"]
[BlackElo "1902"]
[Annotator "NA RC"]
[PlyCount "59"]
[EventDate "2019.05.11"]
[EventType "tourn"]
[EventCountry "BLR"]
[SourceTitle "playchess.com"]
[Source "ChessBase"]
[SourceQuality "1"]
[TimeControl "40/5400+30:1800+30"]

1. e4 d5 2. exd5 Qxd5 3. Nc3 Qd6 4. d4 Nf6 5. Nf3 a6 6. Ne5 Nc6 7. Nxc6 Qxc6 8. Bf4 Bg4 9. f3 Bf5 10. Qe2 e6 11. O-O-O O-O-O 12. Qc4 Qxc4 13. Bxc4 Bb4 14. a3 Bxc3 15. bxc3 Nd5 16. Bd2 Rd6 17. Bb3 Nb6 18. Bf4 Rc6 19. Kb2 Nc4+ 20. Ka2 Bg6 21. h4 f6 22. Rhe1 Bf7 23. Re2 Nb6 24. Kb2 Nc4+ 25. Ka2 Nb6 26. Kb2 Nc4+ 27. Ka2 Nb6 28. Kb2 Nc4+ 29. Ka2 Nb6 30. Kb2 1/2-1/2

[Event "BLR-chW U20 2019"]
[Site "Kobryn"]
[Date "2019.05.18"]
[Round "8.1"]
[White "Kuzich, Aryna"]
[Black "Poliakova, Varvara"]
[Result "1-0"]
[ECO "C51"]
[WhiteElo "1800"]
[BlackElo "1900"]
[Annotator "NA"]
[PlyCount "43"]
[EventDate "2019.05.11"]
[EventType "tourn"]
[EventCountry "BLR"]
[SourceTitle "playchess.com"]
[Source "ChessBase"]
[SourceQuality "1"]
[TimeControl "40/5400+30:1800+30"]

1. e4 e5 2. Nf3 Nc6 3. Bc4 Bc5 4. b4 Bxb4 5. c3 Bd6 6. d4 Nf6 7. dxe5 Nxe5 (7... Bxe5 $11 8. Ng5 d5 9. exd5 Na5) 8. Nxe5 Bxe5 9. f4 d5 (9... Bd6 $16 {was necessary.}) 10. fxe5 Nxe4 $18 (10... Bg4 {keeps fighting.} 11. Qd4 dxc4) 11. Qxd5 Qh4+ 12. g3 Nxg3 13. Qxf7+ Kd8 14. Qd5+ Ke8 15. hxg3 Qxg3+ 16. Kd1 Rf8 17. e6 c6 18. Qe4 Rf6 19. Rxh7 Qg1+ 20. Kc2 c5 21. Be3 Qg3 22. Rh8+ 1-0

[Event "BLR-chW U20 2019"]
[Site "Kobryn"]
[Date "2019.05.18"]
[Round "8.2"]
[White "Stashis, Anna"]
[Black "Mitskevich, Yauheniya"]
[Result "1/2-1/2"]
[ECO "C45"]
[WhiteElo "1902"]
[BlackElo "1985"]
[Annotator "NA"]
[PlyCount "62"]
[EventDate "2019.05.11"]
[EventType "tourn"]
[EventCountry "BLR"]
[SourceTitle "playchess.com"]
[Source "ChessBase"]
[SourceQuality "1"]
[TimeControl "40/5400+30:1800+30"]

1. e4 e5 2. Nf3 Nc6 3. d4 exd4 4. Nxd4 Nf6 5. Nxc6 bxc6 6. e5 Qe7 7. Qe2 Nd5 8. Nd2 g6 9. Nf3 Bg7 10. c4 Ba6 11. Bg5 f6 12. exf6 Qxe2+ 13. Bxe2 Nxf6 14. O-O-O Ne4 15. Be3 $14 Rb8 16. Bd4 Bxd4 17. Rxd4 Nf6 18. Ne5 O-O 19. Bf3 c5 20. Rf4 d6 21. Nc6 Rbe8 22. h4 Nd7 23. Rxf8+ Kxf8 24. b3 Ne5 25. Nxe5 Rxe5 26. Kd2 Bc8 27. h5 g5 28. Bd5 Kg7 29. f3 Bd7 30. Be4 h6 31. Bg6 c6 1/2-1/2

[Event "BLR-chW U20 2019"]
[Site "Kobryn"]
[Date "2019.05.18"]
[Round "8.3"]
[White "Zeliantsova, Kseniya"]
[Black "Shaban, Aliaksandra"]
[Result "1-0"]
[ECO "B11"]
[WhiteElo "2017"]
[BlackElo "1652"]
[Annotator "NA"]
[PlyCount "149"]
[EventDate "2019.05.11"]
[EventType "tourn"]
[EventCountry "BLR"]
[SourceTitle "playchess.com"]
[Source "ChessBase"]
[SourceQuality "1"]
[TimeControl "40/5400+30:1800+30"]

1. e4 c6 2. Nf3 d5 3. Nc3 Bg4 4. h3 Bxf3 5. Qxf3 e6 6. exd5 exd5 7. d4 Bd6 8. Qg4 Qf6 (8... g6 $14) 9. Qc8+ Qd8 10. Qxb7 Qe7+ 11. Qxe7+ Nxe7 12. Bd3 Nd7 13. O-O O-O 14. Re1 Rfe8 15. Bd2 Nf8 16. Ne2 Ne6 $16 17. c3 Rf8 18. b4 Rfb8 19. Nc1 a5 20. bxa5 Rxa5 21. Nb3 Ra3 22. Reb1 Rba8 23. Nc1 Bf4 24. Bxf4 Nxf4 25. Bf1 Rxc3 26. a4 c5 27. dxc5 Rxc5 28. a5 Ne6 29. a6 Nc8 30. Rb7 Nd8 31. Rd7 Nb6 32. Re7 Kf8 33. Re3 Nc6 34. Nb3 Rc2 35. Bb5 Na7 36. Bd3 Rc3 37. Nd4 Nc4 38. Rg3 Ne5 39. Be2 Rc7 40. Rb3 Nec6 41. Nxc6 Nxc6 42. Rd1 Re7 43. Bb5 Nb8 44. Ra3 Rea7 45. Re1 Nxa6 46. Rea1 Nc7 47. Rxa7 Rxa7 48. Rxa7 Nxb5 49. Rd7 Nc3 50. Kf1 Ke8 51. Rc7 Ne4 52. Ke2 h6 53. Ke3 g6 54. Kd4 Nxf2 55. Rc2 Ne4 56. Kxd5 Ng5 57. Ke5 Nh7 58. Rc8+ Ke7 59. Rh8 Nf6 60. Rxh6 Nd7+ 61. Kd4 Nf8 62. Rh4 Ne6+ 63. Ke5 Nc5 64. Rc4 Nd7+ 65. Kf4 Kd6 66. Kg5 f6+ 67. Kf4 Ne5 68. Ra4 Nd3+ 69. Ke3 Nc5 70. Rg4 g5 71. g3 Ke5 72. h4 gxh4 73. gxh4 Ne6 74. h5 Kf5 75. h6 1-0

[Event "BLR-chW U20 2019"]
[Site "Kobryn"]
[Date "2019.05.18"]
[Round "8.4"]
[White "Tarasenka, Aliaksandra"]
[Black "Dolbieva, Ksenia"]
[Result "1/2-1/2"]
[ECO "B56"]
[WhiteElo "1875"]
[BlackElo "1847"]
[Annotator "NA"]
[PlyCount "59"]
[EventDate "2019.05.11"]
[EventType "tourn"]
[EventCountry "BLR"]
[SourceTitle "playchess.com"]
[Source "ChessBase"]
[SourceQuality "1"]
[TimeControl "40/5400+30:1800+30"]

1. e4 c5 2. Nf3 d6 3. d4 cxd4 4. Nxd4 Nc6 5. Nc3 Nf6 6. Nde2 e6 7. g3 a6 8. Bg2 Qc7 9. O-O Be7 10. h3 b5 11. a3 Bb7 12. Be3 Rd8 13. g4 $15 d5 14. exd5 Ne5 15. Nf4 Nc4 16. Qc1 e5 17. g5 Nxe3 18. gxf6 gxf6 19. Qxe3 exf4 20. Qe4 Ba8 21. Rfe1 Kf8 22. Qf5 Rg8 23. Re4 Rg6 24. Qxf4 Qxf4 25. Rxf4 Bxd5 26. Nxd5 Rxd5 27. Rg4 Rd2 28. Be4 Rxg4+ 29. hxg4 Bc5 30. Rf1 1/2-1/2

[Event "BLR-chW U20 2019"]
[Site "Kobryn"]
[Date "2019.05.18"]
[Round "8.5"]
[White "Ilyuchyk, Yana"]
[Black "Staravoitava, Hanna"]
[Result "1-0"]
[ECO "B01"]
[WhiteElo "2137"]
[BlackElo "1733"]
[Annotator "NA"]
[PlyCount "111"]
[EventDate "2019.05.11"]
[EventType "tourn"]
[EventCountry "BLR"]
[SourceTitle "playchess.com"]
[Source "ChessBase"]
[SourceQuality "1"]
[TimeControl "40/5400+30:1800+30"]

1. e4 d5 2. exd5 Nf6 3. d4 Bg4 4. Nf3 Bxf3 5. Qxf3 Qxd5 6. Be2 Nc6 7. c3 O-O-O 8. O-O e5 9. Qf5+ Kb8 10. Bf3 e4 11. Qxd5 Rxd5 12. Be2 Rd7 13. Bg5 Be7 14. Nd2 Re8 15. Bc4 h6 16. Bf4 Bd6 17. Bxd6 Rxd6 18. Bxf7 Re7 19. Bb3 Na5 20. Rad1 Nxb3 21. axb3 b5 22. b4 Nd5 23. Rde1 Rde6 24. Nb3 Ra6 25. g3 Ra2 26. Rb1 Rf7 27. Nc5 Nf6 28. Rfe1 Re7 29. Re2 a5 30. bxa5 Rxa5 31. Rbe1 Ra2 32. Nd3 Rd7 33. Nb4 Ra8 34. Kg2 Kb7 35. f3 exf3+ 36. Kxf3 Nd5 37. Nxd5 Rxd5 38. Re5 Rad8 39. Rxd5 Rxd5 40. Re5 Kc6 41. Re7 Rg5 42. Kf4 Rg6 43. h4 Kd6 44. Rf7 b4 45. cxb4 h5 46. Kf3 Kd5 47. Rxc7 Kxd4 48. b5 Rf6+ 49. Kg2 g6 50. Rc6 Rf5 51. Rxg6 Rxb5 52. Rg5 Rxb2+ 53. Kh3 Ke4 54. Rxh5 Rf2 55. Kg4 Rf8 56. Rg5 {[%emt 0:00:00] Kd5 [%clk 0:00:00]} 1-0

[Event "BLR-chW U20 2019"]
[Site "Kobryn"]
[Date "2019.05.19"]
[Round "9.1"]
[White "Mitskevich, Yauheniya"]
[Black "Zeliantsova, Kseniya"]
[Result "1/2-1/2"]
[ECO "B43"]
[WhiteElo "1985"]
[BlackElo "2017"]
[Annotator "NA RC"]
[PlyCount "62"]
[EventDate "2019.05.11"]
[EventType "tourn"]
[EventCountry "BLR"]
[SourceTitle "playchess.com"]
[Source "ChessBase"]
[SourceQuality "1"]
[TimeControl "40/5400+30:1800+30"]

1. e4 c5 2. Nf3 e6 3. d4 cxd4 4. Nxd4 a6 5. Nc3 b5 6. a3 Qc7 7. Be2 Bb7 8. O-O Nf6 9. Bf3 d6 10. g3 Be7 11. Bg2 O-O 12. Be3 Nbd7 13. Nb3 Nc5 14. Nd2 Rac8 15. Qe2 Qb8 16. f4 Qa8 17. Bf2 Nfd7 18. Bf3 Bf6 $15 19. Nd1 Na4 20. c3 e5 21. f5 Bg5 22. Be3 Bxe3+ 23. Qxe3 d5 24. exd5 Bxd5 25. Ne4 Ndc5 26. Ndf2 Nxb2 27. Nf6+ gxf6 28. Ng4 Nd7 29. Nxf6+ Nxf6 30. Qg5+ Kh8 31. Qxf6+ Kg8 1/2-1/2

[Event "BLR-chW U20 2019"]
[Site "Kobryn"]
[Date "2019.05.19"]
[Round "9.2"]
[White "Shaban, Aliaksandra"]
[Black "Kuzich, Aryna"]
[Result "0-1"]
[ECO "B29"]
[WhiteElo "1652"]
[BlackElo "1800"]
[Annotator "NA RC"]
[PlyCount "128"]
[EventDate "2019.05.11"]
[EventType "tourn"]
[EventCountry "BLR"]
[SourceTitle "playchess.com"]
[Source "ChessBase"]
[SourceQuality "1"]
[TimeControl "40/5400+30:1800+30"]

1. e4 c5 2. Nf3 Nf6 3. e5 Nd5 4. Nc3 e6 5. Nxd5 exd5 6. d4 Nc6 7. dxc5 Bxc5 8. Qxd5 Qb6 9. Bc4 Bxf2+ 10. Ke2 O-O 11. Rf1 {B29: Sicilian: 2 Nf3 Nf6 (Nimzowitsch Variation)} Nb4 (11... Bc5 12. Ng5 Nxe5 13. Nxf7 Nxf7 14. Rxf7 Qe6+ 15. Qxe6 dxe6 16. Rxf8+ Kxf8 17. Bg5 Bd7 18. Rf1+ Ke8 {1-0 (37) Shirov,A (2709)-Markos,J (2602) Tromsoe 2014}) 12. Qe4 d5 13. exd6 Bd7 14. Rxf2 Rae8 15. Ne5 Bb5 $146 ({Predecessor:} 15... Qxd6 16. Rxf7 Bg4+ 17. Kf2 Be6 18. Bxe6 Rxe6 19. Rxf8+ Qxf8+ {1-0 (38) Kozak,A (2076)-Mammadov,V (2009) Bialystok 2017}) 16. Bf4 Nc6 17. b3 Bxc4+ 18. bxc4 Qb2 19. d7 Qxa1 20. dxe8=Q Rxe8 21. Rf1 Qb2 22. Rd1 Nxe5 23. Bxe5 Qxe5 $11 24. Qxe5 Rxe5+ 25. Kf3 g6 26. Rd3 Rc5 27. Rb3 b6 28. Rb4 Kf8 29. Ke4 Ke7 30. c3 Kd6 31. Kd3 Rh5 32. h3 Rg5 33. Rb2 Rg3+ 34. Kd4 f5 35. Rf2 h5 36. a3 Rg5 37. Ke3 Rg3+ 38. Kd4 h4 39. a4 Rg5 40. Rd2 Rg3 41. Rf2 Kc6 42. Rf4 Rxg2 43. Rxh4 Rd2+ 44. Ke5 Rd3 45. Kf6 Rg3 46. Rh8 f4 47. Rf8 Rxh3 48. Kxg6 Rg3+ 49. Kf5 Rxc3 50. Ke5 Kc5 51. Rf7 a5 52. Kxf4 Rxc4+ 53. Ke3 Rxa4 54. Kd3 Kb4 55. Rf6 b5 56. Kc2 Ra2+ 57. Kd3 Kb3 58. Rf3 b4 59. Kd4+ Ka4 60. Rd3 b3 61. Rd1 b2 62. Kc3 Ra1 63. Rd4+ Ka3 64. Rd5 Rc1+ 0-1

[Event "BLR-chW U20 2019"]
[Site "Kobryn"]
[Date "2019.05.19"]
[Round "9.3"]
[White "Poliakova, Varvara"]
[Black "Ilyuchyk, Yana"]
[Result "0-1"]
[ECO "B67"]
[WhiteElo "1900"]
[BlackElo "2137"]
[Annotator "NA RC"]
[PlyCount "88"]
[EventDate "2019.05.11"]
[EventType "tourn"]
[EventCountry "BLR"]
[SourceTitle "playchess.com"]
[Source "ChessBase"]
[SourceQuality "1"]
[TimeControl "40/5400+30:1800+30"]

1. e4 c5 2. Nf3 Nc6 3. d4 cxd4 4. Nxd4 Nf6 5. Nc3 d6 6. Bg5 e6 7. Qd2 a6 8. O-O-O Bd7 9. f4 b5 10. Nxc6 Bxc6 11. e5 dxe5 12. Qxd8+ {[%emt 0:00:41] B67: Sicilian: Richter-Rauzer: 7...a6 8 0-0-0 Bd7, lines without 9 f4 Be7} (12. Qe3 Qc7 13. fxe5 Nd7 14. Bf4 Bc5 15. Qg3 b4 16. Qxg7 Rf8 17. Ne2 Be4 18. Rd2 b3 19. axb3 Bb4 {½-½ (48) Olafsson,T (2196)-Thorfinnsson,B (2433) Reykjavik 2018}) 12... Rxd8 13. Rxd8+ Kxd8 14. fxe5 h6 15. Bxf6+ gxf6 16. exf6 Bc5 17. Bd3 Bxg2 18. Rd1 Kc7 19. a4 $146 ({Predecessor:} 19. Be4 Rg8 {½-½ (52) Valantiejus,V (2159)-Butvilas,A (1777) Kaunas 2018}) 19... b4 20. Ne2 Rd8 21. Ng3 Bd4 22. Re1 a5 23. Be4 Bh3 24. Bf3 Bxf6 25. Re4 Rd4 26. Rxd4 Bxd4 27. Ne2 Be3+ 28. Kd1 e5 29. c3 bxc3 30. Nxc3 $19 Bg1 31. Nb5+ Kb6 32. Nd6 Be6 33. h4 Bc5 34. Ne4 Bb3+ 35. Kd2 Bxa4 36. Nf6 Bc6 37. Bxc6 Kxc6 38. Ng4 Kd5 39. Nxh6 Ke6 40. Ng4 f5 41. Nh2 e4 42. Nf1 f4 43. Nh2 Kf5 44. b3 f3 0-1

[Event "BLR-chW U20 2019"]
[Site "Kobryn"]
[Date "2019.05.19"]
[Round "9.4"]
[White "Staravoitava, Hanna"]
[Black "Tarasenka, Aliaksandra"]
[Result "0-1"]
[ECO "B20"]
[WhiteElo "1733"]
[BlackElo "1875"]
[Annotator "NA RC"]
[PlyCount "114"]
[EventDate "2019.05.11"]
[EventType "tourn"]
[EventCountry "BLR"]
[SourceTitle "playchess.com"]
[Source "ChessBase"]
[SourceQuality "1"]
[TimeControl "40/5400+30:1800+30"]

1. e4 c5 2. g3 Nc6 3. Bg2 g6 4. Ne2 Bg7 5. O-O e6 6. c3 Nge7 7. d3 d5 8. Na3 O-O 9. Nc2 d4 10. cxd4 cxd4 11. b4 b5 12. a4 Rb8 13. axb5 Rxb5 14. Bd2 e5 15. Na3 Rxb4 16. Bxb4 Nxb4 17. Qb3 $11 (17. Qa4 $14 Nec6 18. f4) 17... a5 18. Rfc1 Nec6 19. Nc4 Be6 20. Qb1 Bh6 21. Rd1 Nxd3 22. Qb5 Bxc4 23. Qxc4 Ndb4 24. Nc1 Qb6 25. Nb3 Rb8 26. Bf1 Bf8 27. h4 h5 28. Ra4 Rd8 29. Nc1 d3 30. Nxd3 Bc5 31. Be2 Nxd3 32. Rxd3 Bxf2+ 33. Kg2 Rxd3 34. Qxd3 Bd4 35. Qb5 Kf8 36. Kh3 Ke7 37. Qxb6 Bxb6 38. g4 hxg4+ 39. Kxg4 Nd4 40. Bd3 Bc7 41. Ra2 Ne6 42. Rd2 Bd6 43. Bc4 a4 44. Bxe6 Kxe6 45. Rf2 a3 46. h5 gxh5+ 47. Kxh5 Bc5 48. Rc2 Kd6 49. Rc4 Kc6 50. Ra4 Kb5 51. Ra8 Kc4 52. Kg5 Kb3 53. Kf6 Bd4 54. Rb8+ Kc2 55. Ra8 Bb2 56. Rxa3 Bxa3 57. Kxe5 Bb2+ {[%emt 0:00:09] Kd4 [%clk 0:00:00]} 0-1

[Event "BLR-chW U20 2019"]
[Site "Kobryn"]
[Date "2019.05.19"]
[Round "9.5"]
[White "Dolbieva, Ksenia"]
[Black "Stashis, Anna"]
[Result "1/2-1/2"]
[ECO "D31"]
[WhiteElo "1847"]
[BlackElo "1902"]
[Annotator "NA RC"]
[PlyCount "134"]
[EventDate "2019.05.11"]
[EventType "tourn"]
[EventCountry "BLR"]
[SourceTitle "playchess.com"]
[Source "ChessBase"]
[SourceQuality "1"]
[TimeControl "40/5400+30:1800+30"]

1. d4 d5 2. c4 e6 3. Nc3 c6 4. cxd5 exd5 5. Nf3 Bf5 6. Bf4 Qb6 7. Na4 {[%emt 0:13:09] D31: Queen's Gambit Declined: Semi-Slav without ...Nf6 (+ Marshall Gambit and Noteboom) and Exchange Variation lines without ...Nf6} (7. Qc1 Nf6 8. e3 Nbd7 9. Nh4 Be6 10. Bd3 Nh5 11. Bg3 g6 12. Nf3 Be7 13. Bh4 Qd8 14. Bxe7 Qxe7 15. Qc2 O-O 16. O-O Kh8 17. b4 Rac8 18. Qb2 Ng7 19. b5 cxb5 20. Bxb5 Nb6 21. a4 f6 22. Nd2 Nf5 {½-½ (22) Gonda,L (2448)-Ribli,Z (2585) Hungary 2005}) 7... Qa5+ 8. Bd2 Qc7 9. e3 Nf6 10. Be2 $146 ({Predecessor:} 10. Nc3 Bd6 11. g3 Nbd7 12. Bg2 O-O 13. O-O Ne4 14. Nxe4 Bxe4 15. Ne1 {0-1 (34) Richter,K (1352)-Janke,J (1587) Verden/Aller 2017}) 10... Bd6 11. O-O Qe7 12. Rc1 Ne4 13. Nc3 Nd7 14. Nxe4 dxe4 15. Ne1 Qh4 16. f4 Nf6 17. g3 Qh3 18. Rf2 Ng4 19. Bxg4 Bxg4 20. Qb3 Rb8 21. d5 O-O 22. Qc4 Rfe8 23. dxc6 bxc6 24. Qxc6 Re6 25. Qa6 h5 26. Rc6 Bf8 27. Bc3 Rd8 28. Bd4 h4 29. gxh4 Be7 30. Rxe6 Bxe6 31. Qf1 Qxh4 32. Ng2 Qg4 33. f5 Bxa2 34. Rf4 {[%emt 0:00:34] [#]} Qg5 (34... Qh5 $1 $17 35. f6 Bxf6 36. Rxf6 gxf6 37. Qxf6 Qd1+ 38. Kf2 {[#]} Qf3+ $1 39. Qxf3 exf3) 35. Rxe4 Bf6 36. h4 Qh6 37. Qf4 Qxf4 38. Rxf4 Bxd4 39. Rxd4 Rxd4 40. exd4 Kf8 41. Kf2 Ke7 42. Kg3 Kd6 {[%emt 0:06:09] [#]} 43. Ne3 (43. Nf4 $1 $18) 43... f6 44. Kf4 Bf7 45. Ke4 Bg8 46. b4 Ba2 47. d5 Bb1+ 48. Kd4 g6 49. fxg6 Bxg6 50. Ng4 f5 51. Ne5 Bh5 52. Nc4+ Kc7 53. Ke5 Bf7 54. Nd6 f4 55. Nb5+ Kb6 56. Nd4 (56. d6 $142 Kc6 57. Nxa7+ Kd7 58. Kxf4 Kxd6 59. Nb5+ Ke6 60. Kg5) 56... Kc7 57. Nf3 Bh5 58. Kxf4 Kd6 59. Ke4 Bf7 60. Kd4 Bxd5 61. Ng5 $18 (61. h5 Bf7 62. h6) 61... Bc6 62. Nf7+ Ke7 63. Ne5 Ba4 64. Kc5 Kf6 65. Nf3 Kg6 66. b5 Kh5 67. Kb4 Bd1 1/2-1/2